 Dungeon Crawl Stone Soup version 0.29.1-2-gbd0b4ee654 (webtiles) character file.

Game seed: 138782623339084798

3066 safid the Skirmisher (level 9, -7/81 HPs)
             Began as a Minotaur Hunter on Nov 8, 2022.
             Was a Believer of Okawaru.
             Mangled by an orc warrior
             ... wielding a +0 trident
              (13 damage)
             ... on level 7 of the Dungeon.
             The game lasted 00:15:20 (7862 turns).

safid the Skirmisher (Minotaur Hunter)              Turns: 7862, Time: 00:15:21

Health: -7/81      AC: 10    Str: 16    XL:     9   Next: 57%
Magic:  8/8        EV: 10    Int:  6    God:    Okawaru [**....]
Gold:   2306       SH:  0    Dex: 18    Spells: 8/8 levels left

rFire   . . .      SeeInvis .   a - +0 shortbow
rCold   . . .      Faith    .   (shield currently unavailable)
rNeg    . . .      Spirit   .   y - +4 scale mail
rPois   .          Reflect  .   (helmet restricted)
rElec   .          Harm     .   (no cloak)
rCorr   .          Rampage  .   (no gloves)
Will    .....                   (no boots)
Stlth   ..........              (no amulet)
HPRegen 0.23/turn               (no ring)
MPRegen 0.11/turn               (no ring)

@: no status effects
A: horns 2, retaliatory headbutt
a: Renounce Religion, Heroism


You were on level 7 of the Dungeon.
You worshipped Okawaru.
Okawaru was pleased with you.
You visited 2 branches of the dungeon, and saw 8 of its levels.

You collected 2306 gold pieces.

Inventory:

Hand Weapons
 a - a +0 shortbow (weapon)
Missiles
 s - 3 throwing nets
Armour
 y - a +4 scale mail (worn)
Wands
 c - a wand of iceblast (5)
Scrolls
 b - 2 scrolls of blinking
 d - a scroll of vulnerability {unknown}
 e - 2 scrolls of teleportation
 f - a scroll of summoning {unknown}
 g - 3 scrolls of enchant weapon
 h - a scroll of amnesia {unknown}
 p - a scroll of torment {unknown}
 t - a scroll of fog {unknown}
 u - 2 scrolls of magic mapping {unknown}
 v - a scroll of poison {unknown}
Potions
 i - a potion of cancellation
 j - 2 potions of might
 k - 2 potions of haste
 l - 2 potions of flight {unknown}
 m - 2 potions of mutation {unknown}
 n - a potion of attraction {unknown}
 q - a potion of berserk rage {unknown}
 x - 2 potions of degeneration {unknown}


   Skills:
 - Level 8.0 Fighting
 + Level 13.5 Ranged Weapons
 - Level 2.1 Dodging
 - Level 0.7 Stealth


You had 8 spell levels left.
You didn't know any spells.
Your spell library contained the following spells:

 Spells                   Type           Power      Damage    Failure   Level
 Foxfire                  Conj/Fire      0%         2x1d4     88%         1
 Necrotise                Necr           0%         1d4       88%         1
 Conjure Flame            Conj/Fire      0%         6-21      99%         3
 Inner Flame              Hex/Fire       0%         N/A       99%         3
 Vampiric Draining        Necr           0%         2d6       99%         3
 Flame Wave               Conj/Fire      0%         2d4       100%        4
 Passage of Golubria      Tloc           0%         N/A       100%        4
 Agony                    Necr           0%         N/A       100%        5
 Yara's Violent Unravell  Hex/Tmut       0%         3d3       100%        5
 Tukima's Dance           Hex            Unusable   N/A       N/A         3

Dungeon Overview and Level Annotations

Branches:
Dungeon (7/15)             Temple (1/1) D:5

Altars:
Ashenzari
Cheibriados
Elyvilon
Fedhas
Gozag
Hepliaklqana
Kikubaaqudgha
Nemelex Xobeh
Okawaru
Qazlal
Ru
Sif Muna
Trog
Vehumet
Wu Jian
Xom
Yredelemnul
Zin
The Shining One

Shops:
D:5 *:

Annotations:
D:2 1 runed translucent door, Crazy Yiuf


Innate Abilities, Weirdness & Mutations

You have a pair of horns on your head.
You reflexively headbutt those who attack you in melee.


Message History

The arrow closely misses the orc warrior.
The orc warrior hits you from afar with a +0 trident!
You shoot an arrow. The arrow hits the orc warrior.
The orc warrior is heavily wounded.
The orc warrior closely misses you.
You shoot an arrow. The arrow hits the orc warrior.
The orc warrior is severely wounded.
The orc warrior hits you but does no damage.
You shoot an arrow.
The arrow hits the orc warrior but does no damage.
The orc warrior is severely wounded.
The orc warrior hits you from afar with a +0 trident.
You shoot an arrow.
The arrow closely misses the orc warrior.
The orc warrior closely misses you.
You shoot an arrow. The arrow hits the orc warrior.
The orc warrior is severely wounded.
The orc warrior hits you from afar with a +0 trident!
You are too injured to fight recklessly!
You are too injured to fight recklessly!
You are too injured to fight recklessly!
You are too injured to fight recklessly!
Fire: a) +0 shortbow
Press: ? - help, Q - select action, (/) - cycle Shift-Dir - straight line, f/p - orc warrior
Aim: an orc warrior, wielding a +0 trident and wearing a +0 plate armour (severely wounded, 71% to hit)
You shoot an arrow.
The arrow hits the orc warrior but does no damage.
The orc warrior is severely wounded.
The orc warrior hits you from afar with a +0 trident!
Fire: a) +0 shortbow
Press: ? - help, Q - select action, (/) - cycle Shift-Dir - straight line, f/p - orc warrior
Aim: an orc warrior, wielding a +0 trident and wearing a +0 plate armour (severely wounded, 71% to hit)
You shoot an arrow.
The arrow barely misses the orc warrior.
The orc warrior hits you from afar with a +0 trident!
* * * LOW HITPOINT WARNING * * *
The orc warrior hits you from afar with a +0 trident!
* * * LOW HITPOINT WARNING * * *
The orc warrior hits you from afar with a +0 trident!
You die...

##........o#..##.
#..[....#....#.##
#......#.#.#..#.#
##.......#........
#...........#.#.#.
#....#.....#......
#..o.#.#..#...#...
##....#...#...#.#..
#.@...#..#.....#...
#.....#.#..#.......
#<.#..#............
####..#######.#.##.
#.......##.#.#..
#####............
#..#o..........#.
#.Y...#..#....##.
##...Y#.ยง##...###


You could see an orc warrior.

Vanquished Creatures
  6 yaks (D:7)
  Sigmund (D:2)
  3 water moccasins
  A sky beast (D:6)
  An orc warrior (D:6)
  2 ice beasts
  A black bear (D:4)
  A phantom (D:6)
  3 bullfrogs
  A necrophage (D:5)
  3 scorpions
  4 hounds
  An orc priest (D:6)
  2 jellies
  Jessica (D:3)
  2 iguanas (D:5)
  Natasha (thrice) (D:2)
  5 orc wizards
  8 gnolls
  6 adders
  4 shadow imps (D:6)
  4 white imps
  4 ufetubi
  2 worms
  15 orcs
  5 ball pythons
  5 bats
  5 endoplasms
  3 giant cockroaches
  8 goblins
  7 hobgoblins
  4 jackals (D:1)
  3 quokkas
  2 frilled lizards (D:1)
  8 kobolds
  5 rats
139 creatures vanquished.

Notes
Turn   | Place    | Note
-------+----------+-------------------------------------------
     0 | D:1      | safid the Minotaur Hunter began the quest for the Orb.
     0 | D:1      | Reached XP level 1. HP: 18/18 MP: 0/0
    37 | D:1      | Reached XP level 2. HP: 25/25 MP: 1/1
   279 | D:1      | Reached skill level 5 in Ranged Weapons
   279 | D:1      | Reached XP level 3. HP: 31/31 MP: 2/2
  1144 | D:2      | Noticed Natasha
  1152 | D:2      | Killed Natasha
  1314 | D:2      | Found a faded altar of an unknown god.
  1399 | D:2      | Reached XP level 4. HP: 40/40 MP: 3/3
  1469 | D:2      | Noticed Natasha
  1475 | D:2      | Killed Natasha
  1538 | D:2      | Noticed Sigmund
  1549 | D:2      | Killed Sigmund
  1550 | D:2      | Reached skill level 5 in Fighting
  1550 | D:2      | Reached skill level 6 in Ranged Weapons
  1550 | D:2      | Reached XP level 5. HP: 26/48 MP: 4/4
  1702 | D:2      | Noticed Natasha
  1713 | D:2      | Killed Natasha
  1714 | D:2      | Reached XP level 6. HP: 41/57 MP: 5/5
  1949 | D:2      | Found a runed translucent door.
  1950 | D:2      | Noticed Crazy Yiuf
  2109 | D:3      | Noticed Jessica
  2114 | D:3      | Killed Jessica
  2566 | D:4      | Reached skill level 7 in Ranged Weapons
  2834 | D:4      | Reached XP level 7. HP: 64/64 MP: 6/6
  3333 | D:5      | Entered Level 5 of the Dungeon
  3333 | D:5      | Found Gipn's Book Boutique.
  3403 | D:5      | Found Cyocer's General Store.
  3867 | D:5      | Reached skill level 8 in Ranged Weapons
  4043 | D:5      | Found a staircase to the Ecumenical Temple.
  4450 | D:5      | Reached XP level 8. HP: 38/74 MP: 7/7
  4678 | Temple   | Entered the Ecumenical Temple
  4772 | Temple   | Became a worshipper of Warmaster Okawaru
  4844 | D:5      | Identified a scroll of acquirement
  4845 | D:5      | Acquired 1092 gold pieces
  4876 | D:6      | Reached skill level 9 in Ranged Weapons
  5277 | D:6      | Reached skill level 10 in Ranged Weapons
  5624 | D:6      | Reached * piety under Okawaru
  5846 | D:6      | Reached skill level 11 in Ranged Weapons
  5949 | D:6      | Found an ancient bone altar of Kikubaaqudgha.
  6228 | D:7      | Acquired 904 gold pieces
  6703 | D:7      | Reached XP level 9. HP: 81/81 MP: 5/8
  6718 | D:7      | Reached skill level 12 in Ranged Weapons
  6719 | D:7      | Reached ** piety under Okawaru
  6737 | D:7      | HP: 2/81 [yak (12)]
  7136 | D:7      | Reached skill level 13 in Ranged Weapons
  7862 | D:7      | Mangled by an orc warrior

Illustrated notes

Levels and vault maps discovered:
D:1:      elethiomel_arrival_infinity_welcomes_careful_drivers, layout_basic
D:2:      layout_basic, ebering_ecumenical_altar_abandoned, grunt_ministairs_5,
          minmay_misc_feat_rows, due_unseen_surprise, uniq_sigmund,
          uniq_crazy_yiuf_cottage, uniq_natasha
D:3:      layout_basic, uniq_jessica
D:4:      layout_cave_pools
D:5:      layout_loops_ring, minmay_temple_entry_from_below_a, serial_shops,
          shop, nicolae_inconvenience_store
D:6:      layout_cave_pools, kiku_gazebo_garden_becter, serial_demonic,
          serial_demonic_b, serial_demonic_d, serial_demonic_d,
          serial_demonic_d, chequers_serial_rivers_room_a
D:7:      layout_cave_pools, grunt_decor_one_mirror, hangedman_decor_opposing,
          kennysheep_donut
Temple:   compressed_dpeg_circular_temple

Skill      XL: |  1  2  3  4  5  6  7  8  9 |
---------------+----------------------------+-----
Fighting       | 3 4 5 6 8 |  8.0
Ranged Weapons | 5 6 7 8 11 13 | 13.5
Dodging        | |  2.1
Stealth        | |  0.7

Action                   |  1- 3 |  4- 6 |  7- 9 || total
-------------------------+-------+-------+-------++-------
 Fire: Shortbow          |    78 |   130 |   350 ||   558
Invok: Heroism           |       |       |     1 ||     1
  Use: Scroll            |       |       |    15 ||    15
       Potion            |       |       |     5 ||     5
Armor: Leather armour    |     3 |     6 |    16 ||    25
       Scale mail        |       |       |   119 ||   119
Dodge: Dodged            |    12 |    21 |   185 ||   218
